 Dungeon Crawl Stone Soup version 0.27.1-4-g1640c2035a (webtiles) character file.

Game seed: 148512034686025127

2 zeram the Sneak (level 1, -1/11 HPs)
             Began as an Octopode Enchanter on Nov 13, 2021.
             Frozen to death by an endoplasm (5 damage)
             ... on level 1 of the Dungeon.
             The game lasted 00:00:19 (82 turns).

zeram the Sneak (Octopode Enchanter)                  Turns: 82, Time: 00:00:20

Health: -1/11      AC:  1    Str:  7    XL:     1   Next: 40%
Magic:  3/3        EV: 13    Int: 17    God:
Gold:   17         SH:  0    Dex: 12    Spells: 3/4 levels left

rFire    . . .     SeeInvis .   a - +1 dagger
rCold    . . .     Faith    .   (no shield)
rNeg     . . .     Spirit   .   (helmet restricted)
rPois    .         Reflect  .   (no amulet)
rElec    .         Harm     .   (no ring)
rCorr    .         Rampage  .   (no ring)
Will     .....                  (no ring)
Stlth    +++.......             (no ring)
HPRegen  0.03/turn              (no ring)
MPRegen  0.08/turn              (no ring)
                                (no ring)
                                (no ring)

@: no status effects
A: almost no armour, amphibious, 8 rings, camouflage 1, gelatinous body 1,
(nimble swimmer 1), tentacles
a: no special abilities


You were on level 1 of the Dungeon.
You visited 1 branch of the dungeon, and saw 1 of its levels.

You collected 17 gold pieces.

Inventory:

Hand Weapons
 a - a +1 dagger (weapon)


   Skills:
 + Level 1.0 Short Blades
 + Level 2.0 Dodging
 + Level 4.2 Stealth
 - Level 2.0 Spellcasting
 + Level 3.0 Hexes


You had 3 spell levels left.
You knew the following spells:

 Your Spells              Type           Power      Damage    Failure   Level
a - Corona                Hex            12%        N/A       5%          1

Your spell library contained the following spells:

 Spells                   Type           Power      Damage    Failure   Level
 Ensorcelled Hibernation  Hex/Ice        12%        N/A       16%         2
 Confusing Touch          Hex            11%        N/A       17%         3
 Tukima's Dance           Hex            11%        N/A       17%         3
 Dazzling Flash           Conj/Hex       12%        N/A       30%         3


Dungeon Overview and Level Annotations

Branches:
Dungeon (1/15)

Altars:


Innate Abilities, Weirdness & Mutations

You cannot wear most types of armour.
You are amphibious.
You can wear up to eight rings at the same time.
Your skin changes colour to match your surroundings (Stealth+).
Your rubbery body absorbs attacks. (AC +1, EV +1)
((You are camouflaged near water. (Stealth+)))
You have tentacles for arms and can constrict up to eight enemies at once.


Message History

A frilled lizard comes into view.
A frilled lizard is nearby!
A frilled lizard is nearby!
A frilled lizard is nearby!
Found a scroll labelled TITO MAENNUO.
The helpless frilled lizard fails to defend itself.
You puncture the frilled lizard!
You kill the frilled lizard!
No target in view!
An endoplasm and a goblin come into view.
The goblin shouts!
You hear an angry hiss.
You see here a frilled lizard corpse.
There are monsters nearby!
There are monsters nearby!
There are monsters nearby!
There are monsters nearby!
A ball python comes into view.
Found a lumpy red potion.
The goblin hits you with a +0 club.
You hit the goblin. Your grab misses the goblin.
The goblin is heavily wounded.
The goblin barely misses you.
You hit the goblin.
You kill the goblin!
The ball python bites you. The ball python completely misses you.
You closely miss the ball python. Your grab misses the ball python.
The ball python barely misses you. The ball python grabs you.
The ball python constricts you.
You hit the ball python. Your grab misses the ball python.
The ball python is moderately wounded.
The ball python bites you. The ball python constricts you.
You are too injured to fight recklessly!
You are too injured to fight recklessly!
You are too injured to fight recklessly!
You are too injured to fight recklessly!
You are too injured to fight recklessly!
You hit the ball python.
You kill the ball python!
The endoplasm freezes you.
You are frozen.
You die...

###..# .# ..#
#..##.###..#
##..#......#
#...##.##.#
##.†..?#..#
#.......#
#.......#
####.......##..
.......@.)......
####..†J....##..
#...........
#............
..............
...............
.....!..#.......
...##.......##.


You could see an endoplasm.

Vanquished Creatures
  A ball python (D:1)
  A goblin (D:1)
  A bat (D:1)
  A frilled lizard (D:1)
4 creatures vanquished.

Notes
Turn   | Place    | Note
-------+----------+-------------------------------------------
     0 | D:1      | zeram the Octopode Enchanter began the quest for the Orb.
     0 | D:1      | Reached XP level 1. HP: 11/11 MP: 3/3
     6 | D:1      | Noticed a scorpion
     6 | D:1      | Noticed a polar bear
     7 | D:1      | Noticed an anaconda
     7 | D:1      | Noticed a swamp worm
    82 | D:1      | Frozen to death by an endoplasm

Illustrated notes

Levels and vault maps discovered:
D:1:      onia_arrival_zoo_common, layout_rooms, ebering_ecumenical_altar_mist,
          serial_bayou_ford_a

Action                   || total
-------------------------++-------
Melee: Dagger            ||     9
       Constrict         ||     1
 Stab: Sleeping          ||     1
Dodge: Dodged            ||     8
